Ice Dragons vs Punishers
(R2)
Created - February 24, 2019 at 19:28
Goals
|
| Ice Dragons |
0 |
1 |
0 |
1 |
| Punishers |
0 |
1 |
1 |
2 |
|
Shots
|
| Ice Dragons |
8 |
11 |
27 |
46 |
| Punishers |
0 |
18 |
14 |
32 |
|
1st period
No Goal
Penalties :
No Penalty
2nd period
1. Ice Dragons , William Carrier 7 (David Rundblad 27, Michael Chaput 22) at 5:47
2. Punishers , Lucas Lessio 8 (Andreas Athanasiou 12) at 10:27
Penalties :
Matt Corrente (Kin) for Hooking (Minor) at 0:06, Matt Corrente (Kin) for Roughing (Minor) at 10:42, Alec Martinez (Kin) for Slashing (Minor) at 14:19, Logan MacMillan (Kin) for Tripping (Minor) at 18:58
3rd period
3. Punishers , Andreas Athanasiou 7 (Stefan Elliott 14, Tyler Bertuzzi 12) at 15:02
Penalties :
Colton Gillies (Pro) for Tripping (Minor) at 1:18, Andreas Athanasiou (Pro) for Holding (Minor) at 16:35, Luke Adam (Kin) for Roughing (Minor) at 19:17
Goalie Stats
Anders Nilsson (Kin), 30 saves from 32 shots - (0.938), L, 10-21-0, 60:00 minutes
Louis Domingue (Pro), 45 saves from 46 shots - (0.978), W, 12-10-1, 60:00 minutes
Players Stats for Ice Dragons
Player Name G A P +/- PIM S H SB GA TA FO MP PP MP PK MP
------------------------------------------------------------------------------------
Alec Martinez 0 0 0 -2 2 4 1 1 0 0 0/0 26:54 2:18 4:44
Alex Plante 0 0 0 0 0 0 0 0 0 1 0/0 6:50 0:00 1:02
Brandon Kozun 0 0 0 -1 0 11 3 0 0 0 1/2 18:45 2:20 2:06
Chris Wagner 0 0 0 0 0 1 2 0 0 0 0/0 15:25 1:38 0:00
David Rundblad 0 1 1 1 0 2 0 1 0 1 0/0 18:29 1:40 2:36
Emil Pettersson 0 0 0 0 0 0 0 0 0 0 2/3 10:26 0:00 2:33
Justin Shugg 0 0 0 0 0 1 3 0 0 0 0/1 11:54 0:00 0:00
Kevin Connauton 0 0 0 1 0 4 1 1 0 2 0/0 17:47 1:40 2:26
Logan MacMillan 0 0 0 -1 2 1 2 0 0 0 1/1 18:04 2:20 1:26
Luke Adam 0 0 0 -1 2 3 1 0 1 0 14/26 24:52 2:20 4:27
Matt Corrente 0 0 0 -2 4 5 0 2 0 0 0/0 23:19 2:18 3:31
Michael Chaput 0 1 1 0 0 3 1 1 1 0 8/18 20:47 1:38 5:00
Michael Ferland 0 0 0 0 0 1 2 1 0 0 0/0 13:32 0:00 1:23
Michael Stone 0 0 0 0 0 2 0 0 0 0 0/0 12:40 0:00 0:00
Sam Carrick 0 0 0 0 0 3 0 0 0 0 0/4 12:17 0:00 0:21
Samuel Groulx 0 0 0 0 0 3 0 0 0 1 0/0 15:20 0:00 2:57
Thomas Gobeil 0 0 0 0 0 0 1 0 0 0 0/0 7:40 0:00 0:00
William Carrier 1 0 1 0 0 2 1 0 0 0 1/1 15:23 1:38 0:00
Players Stats for Punishers
Player Name G A P +/- PIM S H SB GA TA FO MP PP MP PK MP
------------------------------------------------------------------------------------
Adam Pelech 0 0 0 -1 0 0 0 2 0 0 0/0 28:10 5:13 2:31
Andreas Athanasiou 1 1 2 2 2 2 0 0 1 0 7/9 18:29 3:34 0:00
Carter Ashton 0 0 0 0 0 0 0 1 0 0 0/1 8:09 0:00 0:00
Casey Cizikas 0 0 0 0 0 2 0 1 1 0 12/17 14:40 0:00 0:43
Colton Gillies 0 0 0 0 2 0 1 1 0 0 2/12 17:18 5:04 0:32
Dan Bertram 0 0 0 0 0 0 0 0 0 0 0/0 3:30 0:00 0:00
David Laliberté 0 0 0 0 0 4 1 1 0 0 2/3 22:16 5:04 2:49
Garret Ross 0 0 0 0 0 3 2 1 0 0 0/0 12:30 0:00 0:00
John Macfarland 0 0 0 0 0 0 0 0 0 0 0/0 2:23 0:00 0:00
Jordan Schmaltz 0 0 0 2 0 2 3 1 0 0 0/0 23:40 5:13 1:48
Lucas Lessio 1 0 1 1 0 4 1 0 0 0 0/0 18:00 3:34 0:28
Madison Bowey 0 0 0 0 0 1 2 4 0 1 0/0 23:26 3:25 1:23
Mattias Tedenby 0 0 0 1 0 1 2 0 2 0 2/2 18:31 3:34 0:51
Miikka Salomaki 0 0 0 0 0 0 1 1 1 0 0/1 12:43 0:00 0:00
Patrick Wiercioch 0 0 0 0 0 0 0 1 0 0 0/0 18:22 3:25 2:10
Robbie Earl 0 0 0 -1 0 7 0 1 0 0 4/11 25:39 5:04 2:33
Stefan Elliott 0 1 1 1 0 5 2 2 0 0 0/0 19:45 0:00 0:04
Tyler Bertuzzi 0 1 1 0 0 1 1 0 0 1 0/0 7:09 0:00 0:00
3 Stars
1 - Louis Domingue (Pro)
2 - Andreas Athanasiou (Pro)
3 - Lucas Lessio (Pro)
Power Play
Ice Dragons - 0 on 2 Attempt(s) - 0.00%
Punishers - 0 on 5 Attempt(s) - 0.00%
Penalty Kill
Ice Dragons - 5 on 5 Attempt(s) - 100.00%
- Score 0 goal in Penalty Kill
Punishers - 2 on 2 Attempt(s) - 100.00%
- Score 0 goal in Penalty Kill
Team Stat
Ice Dragons - Hits : 18 - Faceoff Wins : 27 - Blocked Shots : 7 - Penalty Minutes : 10
Punishers - Hits : 16 - Faceoff Wins : 29 - Blocked Shots : 17 - Penalty Minutes : 4
Official
Referees : Unknown
Linesman : Unknown
Game Notes
No Game Note
Finance
Level 1 -- Attendance: 1464 (73.20%) -- Ticket Income $58,560
Level 2 -- Attendance: 690 (69.00%) -- Ticket Income $13,800
Total Attendance: 2154 (71.80%)
Total Ticket Income: $72,360
Other Income: $3,618
Total Income: $75,978
Ice Dragons
5 vs 5 Forward
Center Left Wing Right Wing Time % Phy DF OF
1 Luke Adam Logan MacMillan Brandon Kozun 40 1 1 3
2 Michael Chaput William Carrier Chris Wagner 30 1 2 2
3 Sam Carrick Michael Ferland Justin Shugg 20 1 2 2
4 Emil Pettersson Luke Adam Thomas Gobeil 10 1 3 1
5 vs 5 Defense
Defense Defense Time % Phy DF OF
1 Alec Martinez Matt Corrente 40 1 2 2
2 David Rundblad Kevin Connauton 30 1 2 2
3 Michael Stone Samuel Groulx 20 1 2 2
4 Alex Plante Alec Martinez 10 1 3 1
PowerPlay Forward
Center Left Wing Right Wing Time % Phy DF OF
1 Luke Adam Logan MacMillan Brandon Kozun 60 1 1 3
2 Michael Chaput William Carrier Chris Wagner 40 1 1 3
PowerPlay Defense
Defense Defense Time % Phy DF OF
1 Alec Martinez Matt Corrente 60 1 2 2
2 David Rundblad Kevin Connauton 40 1 2 2
Penalty Kill 4 Players Forward
Center Wing Time % Phy DF OF
1 Luke Adam Michael Chaput 60 1 4 0
2 Brandon Kozun Logan MacMillan 40 1 4 0
Penalty Kill 4 Players Defense
Defense Defense Time % Phy DF OF
1 Alec Martinez Matt Corrente 60 1 4 0
2 David Rundblad Kevin Connauton 40 1 4 0
Penalty Kill - 3 Players Forward
Forward Time % Phy DF OF
1 Luke Adam 60 1 4 0
2 Michael Chaput 40 1 4 0
Penalty Kill - 3 Players Defense
Defense Defense Time % Phy DF OF
1 Alec Martinez Matt Corrente 60 1 4 0
2 David Rundblad Kevin Connauton 40 1 4 0
4 vs 4 Forward
Center Wing Time % Phy DF OF
1 Luke Adam Michael Chaput 60 1 2 2
2 Brandon Kozun Logan MacMillan 40 1 2 2
4 vs 4 Defense
Defense Defense Time % Phy DF OF
1 Alec Martinez Matt Corrente 60 1 2 2
2 David Rundblad Kevin Connauton 40 1 2 2
Last Minutes Offensive
Center Left Wing Right Wing Defense Defense
Luke Adam Logan MacMillan Brandon Kozun Alec Martinez Matt Corrente
Last Minutes Defensive
Center Left Wing Right Wing Defense Defense
Luke Adam Logan MacMillan Brandon Kozun Alec Martinez Matt Corrente
Goaltenders
Starting : Anders Nilsson
Backup : Harru Sateri
Extra Forwards
Normal : Sam Carrick, Michael Ferland, Emil Pettersson - PP : Sam Carrick, Michael Ferland - PK : Emil Pettersson
Extra Defensemen
Normal : Michael Stone, Samuel Groulx, Alex Plante - PP : Michael Stone - PK : Samuel Groulx, Alex Plante
Penalty Shots
Luke Adam, Michael Chaput, Brandon Kozun, Logan MacMillan, Sam Carrick
Scratches
Brian Boyle (Fractured Metatarsal (Right Foot) Injury), Theodor Blueger (Healthy), Brayden McNabb (Bruised Right Arm Injury), Alex Henriksson (Healthy), Cole Ully (Torn Left Knee Ligaments Injury)
Christian Djoos (Healthy), Oscar Dansk (Healthy)
Punishers
5 vs 5 Forward
Center Left Wing Right Wing Time % Phy DF OF
1 Casey Cizikas Robbie Earl David Laliberté 40 1 2 2
2 Andreas Athanasiou Lucas Lessio Mattias Tedenby 30 1 2 2
3 Colton Gillies Garret Ross Miikka Salomaki 20 1 2 2
4 Robbie Earl Tyler Bertuzzi Carter Ashton 10 1 2 2
5 vs 5 Defense
Defense Defense Time % Phy DF OF
1 Stefan Elliott Jordan Schmaltz 40 1 2 2
2 Adam Pelech Madison Bowey 30 1 2 2
3 Patrick Wiercioch Adam Pelech 20 1 2 2
4 Stefan Elliott Madison Bowey 10 1 2 2
PowerPlay Forward
Center Left Wing Right Wing Time % Phy DF OF
1 Colton Gillies Robbie Earl David Laliberté 60 1 2 2
2 Andreas Athanasiou Lucas Lessio Mattias Tedenby 40 1 2 2
PowerPlay Defense
Defense Defense Time % Phy DF OF
1 Adam Pelech Jordan Schmaltz 60 1 2 2
2 Patrick Wiercioch Madison Bowey 40 1 2 2
Penalty Kill 4 Players Forward
Center Wing Time % Phy DF OF
1 Robbie Earl David Laliberté 60 1 2 2
2 Mattias Tedenby Colton Gillies 40 1 2 2
Penalty Kill 4 Players Defense
Defense Defense Time % Phy DF OF
1 Adam Pelech Jordan Schmaltz 60 1 2 2
2 Patrick Wiercioch Madison Bowey 40 1 2 2
Penalty Kill - 3 Players Forward
Forward Time % Phy DF OF
1 Robbie Earl 60 1 2 2
2 David Laliberté 40 1 2 2
Penalty Kill - 3 Players Defense
Defense Defense Time % Phy DF OF
1 Adam Pelech Jordan Schmaltz 60 1 2 2
2 Patrick Wiercioch Madison Bowey 40 1 2 2
4 vs 4 Forward
Center Wing Time % Phy DF OF
1 Robbie Earl David Laliberté 60 1 2 2
2 Mattias Tedenby Colton Gillies 40 1 2 2
4 vs 4 Defense
Defense Defense Time % Phy DF OF
1 Adam Pelech Jordan Schmaltz 60 1 2 2
2 Patrick Wiercioch Madison Bowey 40 1 2 2
Last Minutes Offensive
Center Left Wing Right Wing Defense Defense
Colton Gillies Robbie Earl David Laliberté Adam Pelech Jordan Schmaltz
Last Minutes Defensive
Center Left Wing Right Wing Defense Defense
Colton Gillies Robbie Earl David Laliberté Adam Pelech Jordan Schmaltz
Goaltenders
Starting : Louis Domingue
Backup : Kristers Gudlevskis
Extra Forwards
Normal : Carter Ashton, Casey Cizikas, Mattias Tedenby - PP : Carter Ashton, Casey Cizikas - PK : Casey Cizikas
Extra Defensemen
Normal : Stefan Elliott, Madison Bowey, Adam Pelech - PP : Stefan Elliott - PK : Madison Bowey, Adam Pelech
Penalty Shots
Robbie Earl, David Laliberté, Mattias Tedenby, Colton Gillies, Miikka Salomaki
Scratches
Radek Faksa (Bruised Left Arm Injury), Trevor Van Riemsdyk (Left Hand Injury), Zack Hamill (Strained Right Elbow Injury), Daniel Altshuller (Healthy)
% Time on Ice - Ice Dragons
Lines # - Real PCT - Wanted PCT - Time Play
Normal Forward
1 - 33% - 40% - 15:41
2 - 30% - 30% - 14:03
3 - 24% - 20% - 11:35
4 - 13% - 10% - 6:02
Normal Defense
1 - 39% - 40% - 18:22
2 - 27% - 30% - 12:49
3 - 25% - 20% - 11:58
4 - 9% - 10% - 4:12
PP Forward
1 - 59% - 60% - 2:20
2 - 41% - 40% - 1:38
PP Defense
1 - 58% - 60% - 2:18
2 - 42% - 40% - 1:40
PK Forward
1 - 76% - 60% - 6:32
2 - 24% - 40% - 2:06
PK Defense
1 - 72% - 60% - 6:12
2 - 28% - 40% - 2:26
PK3 Forward
1 - 0% - 60%
2 - 0% - 40%
PK3 Defense
1 - 0% - 60%
2 - 0% - 40%
44 Forward
1 - 0% - 60%
2 - 0% - 40%
44 Defense
1 - 0% - 60%
2 - 0% - 40%
Last Minute Offensive - 0:03
Last Minute Defensive - 0:00
Total
Forward - 60:00
Defense - 60:00
|
% Time on Ice - Punishers
Lines # - Real PCT - Wanted PCT - Time Play
Normal Forward
1 - 30% - 40% - 14:25
2 - 30% - 30% - 14:15
3 - 25% - 20% - 11:40
4 - 15% - 10% - 7:01
Normal Defense
1 - 38% - 40% - 18:10
2 - 25% - 30% - 11:50
3 - 23% - 20% - 10:46
4 - 14% - 10% - 6:35
PP Forward
1 - 59% - 60% - 5:04
2 - 41% - 40% - 3:34
PP Defense
1 - 60% - 60% - 5:13
2 - 40% - 40% - 3:25
PK Forward
1 - 79% - 60% - 3:07
2 - 21% - 40% - 0:51
PK Defense
1 - 40% - 60% - 1:36
2 - 60% - 40% - 2:22
PK3 Forward
1 - 0% - 60%
2 - 0% - 40%
PK3 Defense
1 - 0% - 60%
2 - 0% - 40%
44 Forward
1 - 0% - 60%
2 - 0% - 40%
44 Defense
1 - 0% - 60%
2 - 0% - 40%
Last Minute Offensive - 0:00
Last Minute Defensive - 0:03
Total
Forward - 60:00
Defense - 60:00
|
Play-by-Play
1st period
0:01 of 1st period - Casey Cizikas wins face-off versus Luke Adam in neutral zone.
0:30 of 1st period - Stefan Elliott is hit by William Carrier and loses puck.
1:12 of 1st period - Slapshot by David Rundblad.
1:12 of 1st period - Deflect By Luke Adam.
1:12 of 1st period - Stopped by Louis Domingue without a rebound.
1:13 of 1st period - Robbie Earl wins face-off versus Emil Pettersson in Punishers zone.
1:49 of 1st period - Carter Ashton is hit by Thomas Gobeil and loses puck.
2:04 of 1st period - Snap shot by Luke Adam.
2:04 of 1st period - Shot Blocked by Madison Bowey.
2:24 of 1st period - Slapshot by Michael Stone.
2:24 of 1st period - Stopped by Louis Domingue without a rebound.
2:25 of 1st period - Michael Chaput wins face-off versus Andreas Athanasiou in Punishers zone.
2:26 of 1st period - Wrist shot by David Rundblad.
2:26 of 1st period - Shot Misses the Net.
2:28 of 1st period - Slapshot by David Rundblad.
2:28 of 1st period - Shot Misses the Net.
2:30 of 1st period - Slapshot by Kevin Connauton.
2:30 of 1st period - Deflect By Adam Pelech.
2:30 of 1st period - Stopped by Louis Domingue without a rebound.
2:31 of 1st period - Andreas Athanasiou wins face-off versus Michael Chaput in Punishers zone.
3:00 of 1st period - Slapshot by David Rundblad.
3:00 of 1st period - Shot Blocked by Adam Pelech.
3:02 of 1st period - Snap shot by Kevin Connauton.
3:02 of 1st period - Deflect By Justin Shugg.
3:02 of 1st period - Stopped by Louis Domingue without a rebound.
3:03 of 1st period - Casey Cizikas wins face-off versus Justin Shugg in Punishers zone.
3:24 of 1st period - Slapshot by Lucas Lessio.
3:24 of 1st period - Shot Blocked by Alec Martinez.
4:07 of 1st period - David Laliberté is hit by Justin Shugg and loses puck.
4:19 of 1st period - Slapshot by Alec Martinez.
4:19 of 1st period - Shot Blocked by Madison Bowey.
4:27 of 1st period - Slapshot by Alec Martinez.
4:27 of 1st period - Shot Blocked by Madison Bowey.
4:29 of 1st period - Slapshot by Alex Plante.
4:29 of 1st period - Shot Misses the Net.
4:31 of 1st period - Backhand shot by Alec Martinez.
4:31 of 1st period - Stopped by Louis Domingue with a rebound.
4:33 of 1st period - Slapshot by Alec Martinez.
4:33 of 1st period - Shot Hit the Post.
4:37 of 1st period - Wrist shot by Sam Carrick.
4:37 of 1st period - Stopped by Louis Domingue with a rebound.
4:53 of 1st period - Wrist shot by Alec Martinez.
4:53 of 1st period - Shot Blocked by David Laliberté.
4:55 of 1st period - Slapshot by Alec Martinez.
4:55 of 1st period - Stopped by Louis Domingue with a rebound.
4:57 of 1st period - Wrist shot by Justin Shugg.
4:57 of 1st period - Shot Misses the Net.
5:41 of 1st period - Icing by Casey Cizikas.
5:42 of 1st period - David Laliberté wins face-off versus Luke Adam in Punishers zone.
5:51 of 1st period - Snap shot by Luke Adam.
5:51 of 1st period - Shot Blocked by Casey Cizikas.
5:55 of 1st period - Snap shot by Brandon Kozun.
5:55 of 1st period - Stopped by Louis Domingue with a rebound.
6:29 of 1st period - Colton Gillies is hit by Luke Adam and loses puck.
8:50 of 1st period - Lucas Lessio is hit by Logan MacMillan and loses puck.
11:10 of 1st period - Dan Bertram is hit by Logan MacMillan and loses puck.
11:51 of 1st period - Slapshot by Alec Martinez.
11:51 of 1st period - Shot Blocked by Carter Ashton.
15:20 of 1st period - Luke Adam is hit by Jordan Schmaltz and loses puck.
15:41 of 1st period - Andreas Athanasiou is hit by Brandon Kozun and loses puck.
18:33 of 1st period - Michael Chaput is hit by Garret Ross and loses puck.
Goals for this period are 0 for Ice Dragons vs 0 for Punishers.
Shots for this period are 8 for Ice Dragons vs 0 for Punishers.
2nd period
0:01 of 2nd period - Casey Cizikas wins face-off versus Luke Adam in neutral zone.
0:04 of 2nd period - Snap shot by David Laliberté.
0:04 of 2nd period - Stopped by Anders Nilsson with a rebound.
0:06 of 2nd period - Minor Penalty to Matt Corrente for Hooking.
0:07 of 2nd period - Luke Adam wins face-off versus Colton Gillies in Ice Dragons zone.
2:06 of 2nd period - Penalty to Matt Corrente is over, Matt Corrente is back on ice.
2:23 of 2nd period - Wrist shot by Matt Corrente.
2:23 of 2nd period - Stopped by Louis Domingue without a rebound.
2:24 of 2nd period - Andreas Athanasiou wins face-off versus Sam Carrick in Punishers zone.
2:50 of 2nd period - Luke Adam is hit by Jordan Schmaltz and loses puck.
3:34 of 2nd period - Slapshot by Samuel Groulx.
3:34 of 2nd period - Deflect By Patrick Wiercioch.
3:34 of 2nd period - Stopped by Louis Domingue with a rebound.
3:43 of 2nd period - Off-side.
3:44 of 2nd period - Mattias Tedenby wins face-off versus Michael Chaput in neutral zone.
3:52 of 2nd period - Snap shot by Michael Chaput.
3:52 of 2nd period - Shot Blocked by Madison Bowey.
4:06 of 2nd period - Snap shot by Luke Adam.
4:06 of 2nd period - Shot Misses the Net.
4:42 of 2nd period - Emil Pettersson is hit by Mattias Tedenby and loses puck.
4:55 of 2nd period - Snap shot by Mattias Tedenby.
4:55 of 2nd period - Shot Misses the Net.
5:11 of 2nd period - Wrist shot by Colton Gillies.
5:11 of 2nd period - Shot Blocked by Matt Corrente.
5:13 of 2nd period - Slapshot by Garret Ross.
5:13 of 2nd period - Stopped by Anders Nilsson with a rebound.
5:15 of 2nd period - Snap shot by Stefan Elliott.
5:15 of 2nd period - Stopped by Anders Nilsson with a rebound.
5:17 of 2nd period - Slapshot by Stefan Elliott.
5:17 of 2nd period - Shot Misses the Net.
5:19 of 2nd period - Slapshot by Madison Bowey.
5:19 of 2nd period - Deflect By Alec Martinez.
5:19 of 2nd period - Stopped by Anders Nilsson with a rebound.
5:45 of 2nd period - Snap shot by Samuel Groulx.
5:45 of 2nd period - Stopped by Louis Domingue without a rebound.
5:46 of 2nd period - Michael Chaput wins face-off versus Robbie Earl in Punishers zone.
5:47 of 2nd period - Backhand shot by David Rundblad.
5:47 of 2nd period - Deflect By William Carrier.
5:47 of 2nd period - Goal by William Carrier - Ice Dragons : 1 - Punishers : 0.
5:48 of 2nd period - Casey Cizikas wins face-off versus Michael Chaput in neutral zone.
5:48 of 2nd period - Casey Cizikas is hit by Chris Wagner.
6:27 of 2nd period - Andreas Athanasiou is hit by Brandon Kozun and loses puck.
6:51 of 2nd period - Slapshot by David Rundblad.
6:51 of 2nd period - Deflect By Adam Pelech.
6:51 of 2nd period - Stopped by Louis Domingue with a rebound.
6:53 of 2nd period - Snap shot by Michael Ferland.
6:53 of 2nd period - Stopped by Louis Domingue without a rebound.
6:54 of 2nd period - Casey Cizikas wins face-off versus Michael Chaput in Punishers zone.
6:59 of 2nd period - Wrist shot by Robbie Earl.
6:59 of 2nd period - Stopped by Anders Nilsson with a rebound.
7:07 of 2nd period - Snap shot by Michael Chaput.
7:07 of 2nd period - Shot Misses the Net.
7:09 of 2nd period - Wrist shot by William Carrier.
7:09 of 2nd period - Shot Blocked by Stefan Elliott.
7:19 of 2nd period - Kevin Connauton is hit by Stefan Elliott and loses puck.
8:30 of 2nd period - Slapshot by Alec Martinez.
8:30 of 2nd period - Stopped by Louis Domingue without a rebound.
8:31 of 2nd period - Andreas Athanasiou wins face-off versus Luke Adam in Punishers zone.
8:56 of 2nd period - Madison Bowey is hit by Kevin Connauton and loses puck.
9:17 of 2nd period - Michael Ferland is hit by Miikka Salomaki and loses puck.
9:30 of 2nd period - Luke Adam is hit by Jordan Schmaltz and loses puck.
9:51 of 2nd period - Off-side.
9:52 of 2nd period - Casey Cizikas wins face-off versus Michael Chaput in neutral zone.
9:55 of 2nd period - Wrist shot by Robbie Earl.
9:55 of 2nd period - Stopped by Anders Nilsson without a rebound.
9:56 of 2nd period - Casey Cizikas wins face-off versus Michael Chaput in Ice Dragons zone.
9:57 of 2nd period - Wrist shot by Robbie Earl.
9:57 of 2nd period - Shot Misses the Net.
10:27 of 2nd period - Slapshot by Lucas Lessio.
10:27 of 2nd period - Goal by Lucas Lessio - Ice Dragons : 1 - Punishers : 1.
10:28 of 2nd period - Luke Adam wins face-off versus David Laliberté in neutral zone.
10:42 of 2nd period - Minor Penalty to Matt Corrente for Roughing.
10:43 of 2nd period - Colton Gillies wins face-off versus Luke Adam in Ice Dragons zone.
10:45 of 2nd period - Slapshot by Robbie Earl.
10:45 of 2nd period - Shot Blocked by Michael Chaput.
10:47 of 2nd period - Wrist shot by David Laliberté.
10:47 of 2nd period - Stopped by Anders Nilsson without a rebound.
10:48 of 2nd period - Luke Adam wins face-off versus Colton Gillies in Ice Dragons zone.
12:18 of 2nd period - David Laliberté is hit by Alec Martinez and loses puck.
12:42 of 2nd period - Penalty to Matt Corrente is over, Matt Corrente is back on ice.
12:58 of 2nd period - Snap shot by Sam Carrick.
12:58 of 2nd period - Stopped by Louis Domingue without a rebound.
12:59 of 2nd period - Colton Gillies wins face-off versus Sam Carrick in Punishers zone.
13:23 of 2nd period - Snap shot by Brandon Kozun.
13:23 of 2nd period - Stopped by Louis Domingue without a rebound.
13:24 of 2nd period - Michael Chaput wins face-off versus Andreas Athanasiou in Punishers zone.
13:37 of 2nd period - Backhand shot by Stefan Elliott.
13:37 of 2nd period - Stopped by Anders Nilsson with a rebound.
13:39 of 2nd period - Slapshot by Andreas Athanasiou.
13:39 of 2nd period - Deflect By Chris Wagner.
13:39 of 2nd period - Shot Blocked by Matt Corrente.
13:39 of 2nd period - Puck is out of play.
13:40 of 2nd period - David Laliberté wins face-off versus Luke Adam in Ice Dragons zone.
13:41 of 2nd period - Wrist shot by Robbie Earl.
13:41 of 2nd period - Deflect By Casey Cizikas.
13:41 of 2nd period - Stopped by Anders Nilsson without a rebound.
13:42 of 2nd period - Casey Cizikas wins face-off versus Luke Adam in Ice Dragons zone.
13:43 of 2nd period - Snap shot by David Laliberté.
13:43 of 2nd period - Shot Misses the Net.
13:49 of 2nd period - Snap shot by Casey Cizikas.
13:49 of 2nd period - Stopped by Anders Nilsson with a rebound.
14:19 of 2nd period - Minor Penalty to Alec Martinez for Slashing.
14:20 of 2nd period - Luke Adam wins face-off versus Colton Gillies in Ice Dragons zone.
14:30 of 2nd period - Wrist shot by David Laliberté.
14:30 of 2nd period - Deflect By Michael Chaput.
14:30 of 2nd period - Stopped by Anders Nilsson without a rebound.
14:31 of 2nd period - Luke Adam wins face-off versus Colton Gillies in Ice Dragons zone.
16:19 of 2nd period - Penalty to Alec Martinez is over, Alec Martinez is back on ice.
16:21 of 2nd period - Icing by Alex Plante.
16:22 of 2nd period - Andreas Athanasiou wins face-off versus Sam Carrick in Ice Dragons zone.
17:09 of 2nd period - Slapshot by David Rundblad.
17:09 of 2nd period - Shot Blocked by Garret Ross.
17:11 of 2nd period - Snap shot by Samuel Groulx.
17:11 of 2nd period - Stopped by Louis Domingue without a rebound.
17:12 of 2nd period - Emil Pettersson wins face-off versus Carter Ashton in Punishers zone.
17:37 of 2nd period - Snap shot by Michael Chaput.
17:37 of 2nd period - Stopped by Louis Domingue without a rebound.
17:38 of 2nd period - Andreas Athanasiou wins face-off versus Michael Chaput in Punishers zone.
17:38 of 2nd period - Andreas Athanasiou is hit by Chris Wagner.
17:58 of 2nd period - Snap shot by Mattias Tedenby.
17:58 of 2nd period - Shot Hit the Post.
18:00 of 2nd period - Slapshot by Andreas Athanasiou.
18:00 of 2nd period - Shot Misses the Net.
18:06 of 2nd period - Wrist shot by Mattias Tedenby.
18:06 of 2nd period - Shot Misses the Net.
18:08 of 2nd period - Slapshot by Lucas Lessio.
18:08 of 2nd period - Deflect By Michael Chaput.
18:08 of 2nd period - Stopped by Anders Nilsson with a rebound.
18:10 of 2nd period - Snap shot by Lucas Lessio.
18:10 of 2nd period - Stopped by Anders Nilsson without a rebound.
18:11 of 2nd period - Casey Cizikas wins face-off versus Luke Adam in Ice Dragons zone.
18:22 of 2nd period - Wrist shot by David Laliberté.
18:22 of 2nd period - Shot Misses the Net.
18:24 of 2nd period - Snap shot by David Laliberté.
18:24 of 2nd period - Stopped by Anders Nilsson without a rebound.
18:25 of 2nd period - Casey Cizikas wins face-off versus Brandon Kozun in Ice Dragons zone.
18:28 of 2nd period - Snap shot by Robbie Earl.
18:28 of 2nd period - Stopped by Anders Nilsson with a rebound.
18:34 of 2nd period - Snap shot by Robbie Earl.
18:34 of 2nd period - Stopped by Anders Nilsson without a rebound.
18:35 of 2nd period - Luke Adam wins face-off versus Casey Cizikas in Ice Dragons zone.
18:35 of 2nd period - Luke Adam is hit by David Laliberté.
18:46 of 2nd period - Icing by Madison Bowey.
18:47 of 2nd period - Casey Cizikas wins face-off versus Luke Adam in Punishers zone.
18:56 of 2nd period - Wrist shot by Casey Cizikas.
18:56 of 2nd period - Shot Misses the Net.
18:58 of 2nd period - Minor Penalty to Logan MacMillan for Tripping.
18:59 of 2nd period - Luke Adam wins face-off versus Colton Gillies in Ice Dragons zone.
19:08 of 2nd period - Luke Adam is hit by Colton Gillies and loses puck.
19:31 of 2nd period - Snap shot by Mattias Tedenby.
19:31 of 2nd period - Shot Misses the Net.
19:33 of 2nd period - Snap shot by Lucas Lessio.
19:33 of 2nd period - Stopped by Anders Nilsson with a rebound.
Goals for this period are 1 for Ice Dragons vs 1 for Punishers.
Shots for this period are 11 for Ice Dragons vs 18 for Punishers.
3rd period
0:01 of 3rd period - Luke Adam wins face-off versus Colton Gillies in neutral zone.
0:10 of 3rd period - Slapshot by Alec Martinez.
0:10 of 3rd period - Shot Misses the Net.
0:16 of 3rd period - Snap shot by Robbie Earl.
0:16 of 3rd period - Stopped by Anders Nilsson with a rebound.
0:50 of 3rd period - Matt Corrente is hit by Madison Bowey and loses puck.
0:58 of 3rd period - Penalty to Logan MacMillan is over, Logan MacMillan is back on ice.
1:18 of 3rd period - Minor Penalty to Colton Gillies for Tripping.
1:19 of 3rd period - Luke Adam wins face-off versus Robbie Earl in Punishers zone.
1:22 of 3rd period - Slapshot by Luke Adam.
1:22 of 3rd period - Stopped by Louis Domingue without a rebound.
1:23 of 3rd period - Luke Adam wins face-off versus Robbie Earl in Punishers zone.
1:38 of 3rd period - Snap shot by Robbie Earl.
1:38 of 3rd period - Stopped by Anders Nilsson without a rebound.
1:39 of 3rd period - Luke Adam wins face-off versus Robbie Earl in Ice Dragons zone.
1:48 of 3rd period - Snap shot by Matt Corrente.
1:48 of 3rd period - Deflect By Jordan Schmaltz.
1:48 of 3rd period - Stopped by Louis Domingue with a rebound.
1:50 of 3rd period - Snap shot by Luke Adam.
1:50 of 3rd period - Shot Blocked by Robbie Earl.
1:52 of 3rd period - Slapshot by Matt Corrente.
1:52 of 3rd period - Stopped by Louis Domingue with a rebound.
2:33 of 3rd period - Casey Cizikas is hit by Brandon Kozun and loses puck.
3:18 of 3rd period - Penalty to Colton Gillies is over, Colton Gillies is back on ice.
3:27 of 3rd period - Icing by Madison Bowey.
3:28 of 3rd period - Andreas Athanasiou wins face-off versus Sam Carrick in Punishers zone.
3:28 of 3rd period - Andreas Athanasiou is hit by Michael Ferland.
3:34 of 3rd period - Snap shot by Lucas Lessio.
3:34 of 3rd period - Shot Blocked by David Rundblad.
3:36 of 3rd period - Slapshot by Andreas Athanasiou.
3:36 of 3rd period - Shot Blocked by Michael Ferland.
3:38 of 3rd period - Wrist shot by Stefan Elliott.
3:38 of 3rd period - Deflect By David Rundblad.
3:38 of 3rd period - Stopped by Anders Nilsson with a rebound.
3:40 of 3rd period - Wrist shot by Jordan Schmaltz.
3:40 of 3rd period - Stopped by Anders Nilsson with a rebound.
3:42 of 3rd period - Slapshot by Jordan Schmaltz.
3:42 of 3rd period - Stopped by Anders Nilsson without a rebound.
3:43 of 3rd period - Brandon Kozun wins face-off versus Miikka Salomaki in Ice Dragons zone.
3:56 of 3rd period - Snap shot by Garret Ross.
3:56 of 3rd period - Stopped by Anders Nilsson with a rebound.
3:58 of 3rd period - Wrist shot by Garret Ross.
3:58 of 3rd period - Shot Blocked by Kevin Connauton.
4:13 of 3rd period - Slapshot by David Laliberté.
4:13 of 3rd period - Shot Misses the Net.
4:18 of 3rd period - David Rundblad is hit by Lucas Lessio.
5:56 of 3rd period - Off-side.
5:57 of 3rd period - Michael Chaput wins face-off versus Casey Cizikas in neutral zone.
6:00 of 3rd period - Slapshot by David Rundblad.
6:00 of 3rd period - Shot Misses the Net.
6:12 of 3rd period - Slapshot by Michael Chaput.
6:12 of 3rd period - Shot Blocked by Miikka Salomaki.
7:03 of 3rd period - Wrist shot by William Carrier.
7:03 of 3rd period - Shot Blocked by Adam Pelech.
7:05 of 3rd period - Slapshot by Michael Stone.
7:05 of 3rd period - Stopped by Louis Domingue with a rebound.
7:17 of 3rd period - Wrist shot by Mattias Tedenby.
7:17 of 3rd period - Stopped by Anders Nilsson with a rebound.
7:27 of 3rd period - Luke Adam is hit by Mattias Tedenby and loses puck.
8:08 of 3rd period - Backhand shot by Chris Wagner.
8:08 of 3rd period - Stopped by Louis Domingue without a rebound.
8:09 of 3rd period - Luke Adam wins face-off versus Robbie Earl in Punishers zone.
8:10 of 3rd period - Snap shot by Brandon Kozun.
8:10 of 3rd period - Stopped by Louis Domingue without a rebound.
8:11 of 3rd period - Luke Adam wins face-off versus Robbie Earl in Punishers zone.
8:12 of 3rd period - Snap shot by Brandon Kozun.
8:12 of 3rd period - Stopped by Louis Domingue with a rebound.
9:02 of 3rd period - Slapshot by Sam Carrick.
9:02 of 3rd period - Stopped by Louis Domingue with a rebound.
9:14 of 3rd period - Slapshot by Stefan Elliott.
9:14 of 3rd period - Deflect By Luke Adam.
9:14 of 3rd period - Stopped by Anders Nilsson with a rebound.
9:32 of 3rd period - Wrist shot by William Carrier.
9:32 of 3rd period - Shot Blocked by Patrick Wiercioch.
9:34 of 3rd period - Snap shot by Chris Wagner.
9:34 of 3rd period - Shot Misses the Net.
9:36 of 3rd period - Wrist shot by Michael Chaput.
9:36 of 3rd period - Stopped by Louis Domingue with a rebound.
10:02 of 3rd period - Michael Ferland is hit by Tyler Bertuzzi.
10:30 of 3rd period - Mattias Tedenby is hit by Michael Chaput and loses puck.
10:55 of 3rd period - Wrist shot by Garret Ross.
10:55 of 3rd period - Deflect By Luke Adam.
10:55 of 3rd period - Stopped by Anders Nilsson without a rebound.
10:56 of 3rd period - Michael Chaput wins face-off versus Colton Gillies in Ice Dragons zone.
11:01 of 3rd period - Backhand shot by Matt Corrente.
11:01 of 3rd period - Deflect By Garret Ross.
11:01 of 3rd period - Stopped by Louis Domingue without a rebound.
11:02 of 3rd period - Michael Chaput wins face-off versus Colton Gillies in Punishers zone.
11:30 of 3rd period - Snap shot by Stefan Elliott.
11:30 of 3rd period - Deflect By Casey Cizikas.
11:30 of 3rd period - Shot Misses the Net.
11:30 of 3rd period - Puck is out of play.
11:31 of 3rd period - Logan MacMillan wins face-off versus Casey Cizikas in Ice Dragons zone.
11:31 of 3rd period - Logan MacMillan is hit by Stefan Elliott.
11:42 of 3rd period - Snap shot by Casey Cizikas.
11:42 of 3rd period - Shot Misses the Net.
11:56 of 3rd period - Logan MacMillan is hit by Garret Ross and loses puck.
12:09 of 3rd period - Slapshot by Brandon Kozun.
12:09 of 3rd period - Stopped by Louis Domingue with a rebound.
12:17 of 3rd period - Wrist shot by Luke Adam.
12:17 of 3rd period - Shot Misses the Net.
12:19 of 3rd period - Slapshot by Matt Corrente.
12:19 of 3rd period - Deflect By Brandon Kozun.
12:19 of 3rd period - Stopped by Louis Domingue with a rebound.
12:21 of 3rd period - Snap shot by Matt Corrente.
12:21 of 3rd period - Shot Blocked by Colton Gillies.
12:27 of 3rd period - Slapshot by Brandon Kozun.
12:27 of 3rd period - Stopped by Louis Domingue with a rebound.
12:29 of 3rd period - Snap shot by Logan MacMillan.
12:29 of 3rd period - Shot Misses the Net.
12:31 of 3rd period - Wrist shot by Luke Adam.
12:31 of 3rd period - Stopped by Louis Domingue with a rebound.
12:39 of 3rd period - Snap shot by Brandon Kozun.
12:39 of 3rd period - Stopped by Louis Domingue with a rebound.
12:41 of 3rd period - Slapshot by Kevin Connauton.
12:41 of 3rd period - Stopped by Louis Domingue with a rebound.
12:43 of 3rd period - Slapshot by Kevin Connauton.
12:43 of 3rd period - Stopped by Louis Domingue without a rebound.
12:44 of 3rd period - Michael Chaput wins face-off versus Casey Cizikas in Punishers zone.
12:53 of 3rd period - Snap shot by Michael Chaput.
12:53 of 3rd period - Stopped by Louis Domingue with a rebound.
12:55 of 3rd period - Slapshot by Michael Stone.
12:55 of 3rd period - Deflect By William Carrier.
12:55 of 3rd period - Shot Misses the Net.
12:55 of 3rd period - Puck is out of play.
12:56 of 3rd period - Michael Chaput wins face-off versus Casey Cizikas in Punishers zone.
13:06 of 3rd period - Slapshot by Matt Corrente.
13:06 of 3rd period - Deflect By Michael Chaput.
13:06 of 3rd period - Shot Blocked by Jordan Schmaltz.
13:06 of 3rd period - Puck is out of play.
13:07 of 3rd period - Casey Cizikas wins face-off versus Michael Chaput in Punishers zone.
13:16 of 3rd period - Wrist shot by Michael Chaput.
13:16 of 3rd period - Shot Blocked by Stefan Elliott.
13:34 of 3rd period - David Laliberté is hit by Michael Ferland and loses puck.
13:53 of 3rd period - Slapshot by Brandon Kozun.
13:53 of 3rd period - Stopped by Louis Domingue with a rebound.
13:55 of 3rd period - Slapshot by David Rundblad.
13:55 of 3rd period - Stopped by Louis Domingue with a rebound.
14:35 of 3rd period - Wrist shot by Colton Gillies.
14:35 of 3rd period - Shot Misses the Net.
14:45 of 3rd period - Jordan Schmaltz is hit by Justin Shugg and loses puck.
14:56 of 3rd period - Snap shot by Stefan Elliott.
14:56 of 3rd period - Stopped by Anders Nilsson with a rebound.
14:58 of 3rd period - Snap shot by Tyler Bertuzzi.
14:58 of 3rd period - Stopped by Anders Nilsson with a rebound.
15:00 of 3rd period - Slapshot by Stefan Elliott.
15:00 of 3rd period - Shot Misses the Net.
15:02 of 3rd period - Snap shot by Andreas Athanasiou.
15:02 of 3rd period - Goal by Andreas Athanasiou - Ice Dragons : 1 - Punishers : 2.
15:03 of 3rd period - Andreas Athanasiou wins face-off versus Luke Adam in neutral zone.
16:07 of 3rd period - Mattias Tedenby is hit by Justin Shugg and loses puck.
16:35 of 3rd period - Minor Penalty to Andreas Athanasiou for Holding.
16:36 of 3rd period - Robbie Earl wins face-off versus Luke Adam in Punishers zone.
17:20 of 3rd period - Snap shot by Brandon Kozun.
17:20 of 3rd period - Stopped by Louis Domingue with a rebound.
17:22 of 3rd period - Snap shot by Brandon Kozun.
17:22 of 3rd period - Shot Misses the Net.
17:36 of 3rd period - Slapshot by Brandon Kozun.
17:36 of 3rd period - Stopped by Louis Domingue with a rebound.
17:38 of 3rd period - Snap shot by David Rundblad.
17:38 of 3rd period - Deflect By Logan MacMillan.
17:38 of 3rd period - Stopped by Louis Domingue without a rebound.
17:39 of 3rd period - Mattias Tedenby wins face-off versus Michael Chaput in Punishers zone.
17:46 of 3rd period - Snap shot by Michael Chaput.
17:46 of 3rd period - Shot Misses the Net.
17:48 of 3rd period - Slapshot by Kevin Connauton.
17:48 of 3rd period - Stopped by Louis Domingue with a rebound.
17:50 of 3rd period - Backhand shot by David Rundblad.
17:50 of 3rd period - Deflect By Chris Wagner.
17:50 of 3rd period - Shot Misses the Net.
17:50 of 3rd period - Puck is out of play.
17:51 of 3rd period - Robbie Earl wins face-off versus Michael Chaput in Punishers zone.
18:02 of 3rd period - Snap shot by William Carrier.
18:02 of 3rd period - Stopped by Louis Domingue with a rebound.
18:12 of 3rd period - Chris Wagner is hit by Madison Bowey.
18:13 of 3rd period - Icing by Chris Wagner.
18:14 of 3rd period - William Carrier wins face-off versus Robbie Earl in Ice Dragons zone.
18:23 of 3rd period - Slapshot by Matt Corrente.
18:23 of 3rd period - Stopped by Louis Domingue with a rebound.
18:25 of 3rd period - Snap shot by Michael Chaput.
18:25 of 3rd period - Shot Misses the Net.
18:27 of 3rd period - Wrist shot by Chris Wagner.
18:27 of 3rd period - Shot Misses the Net.
18:29 of 3rd period - Slapshot by Alec Martinez.
18:29 of 3rd period - Stopped by Louis Domingue without a rebound.
18:30 of 3rd period - Robbie Earl wins face-off versus Luke Adam in Punishers zone.
18:35 of 3rd period - Penalty to Andreas Athanasiou is over, Andreas Athanasiou is back on ice.
18:43 of 3rd period - Snap shot by Luke Adam.
18:43 of 3rd period - Shot Misses the Net.
19:12 of 3rd period - Wrist shot by Robbie Earl.
19:12 of 3rd period - Stopped by Anders Nilsson with a rebound.
19:14 of 3rd period - Snap shot by Andreas Athanasiou.
19:14 of 3rd period - Stopped by Anders Nilsson without a rebound.
19:15 of 3rd period - Andy Murray call a timeout for Ice Dragons.
19:15 of 3rd period - Luke Adam wins face-off versus Colton Gillies in Ice Dragons zone.
19:17 of 3rd period - Minor Penalty to Luke Adam for Roughing.
19:18 of 3rd period - Emil Pettersson wins face-off versus Colton Gillies in Ice Dragons zone.
Goals for this period are 0 for Ice Dragons vs 1 for Punishers.
Shots for this period are 27 for Ice Dragons vs 14 for Punishers.
Back to the Top